Description

STARTERS' BIBLE.

Replay - TVT机械化流程

Build Order

Get SALT Encoding   

  12  0:00  SCV  
  13  0:12  SCV  
  14  0:16  Supply Depot  生产第一个SCV后下BS
  14  0:24  SCV  
  15  0:38  SCV  
  15  0:40  Barracks  
  16  0:43  Refinery  
  16  0:50  SCV  
  16  0:53  Refinery  修房子的农民下BB、补2BR
  17  1:02  SCV  
  18  1:14  SCV  
  19  1:27  Orbital Command  
  19  1:28  Supply Depot, Reaper  BB好了补1BS、变星轨、造死神
  20  1:41  Factory  看到100气造VF、停2气
  20  1:53  SCV  
  21  2:00  Barracks Reactor  死神出来后BB拍双倍挂件
  21  2:05  SCV  
  22  2:17  SCV  
  22  2:20  Command Center  下二基地、把气调回
  23  2:26  Hellion  
  25  2:30  Supply Depot  VF好了出2火车、三矿上面补一个房子
  27  2:37  Reaper x2  双倍好了产2死神
  28  2:47  Hellion  
  31  2:56  Starport  
  32  3:09  Factory Tech Lab  BS好后下VS、VF拍科技挂件
  32  3:12  Marine x2  
  35  3:17  Refinery  二矿快好拍气矿
  36  3:28  Cyclone  VF科技挂件好了造飓风
  36  3:32  Marine x2  
  41  3:35  Orbital Command  变星轨
  41  3:38  Starport Tech Lab  VS好了挂科技挂件
  41  3:46  Supply Depot  二基地拍下后一个SCV持续补BS
  42  3:49  Marine x2  
  44  3:57  Raven  VS科技挂件好了之后出2渡鸦2坦克
  48  4:07  Siege Tank  
  52  4:13  Supply Depot  
  53  4:18  Marine x2  
  57  4:36  Marine x2  
  60  4:41  Raven  
  60  4:43  Siege Tank  
  68  5:00  Command Center  五分钟二矿满了家里拍三基地、补气
  72  5:13  Refinery  
  73  5:18  Siege Tank  
  77  5:34  Viking x2  2渡鸦好了VS飞双倍挂件、BB飞拍双倍挂件、科技挂件上拍VF、拍多一个VF
  82  5:36  Factory  
  83  5:45  Factory  
  83  5:48  Barracks Reactor  
  86  6:03  Siege Tank  
  90  6:10  Viking x2  VS飞双倍后不断产围巾
  93  6:15  Orbital Command  三基地好了变星轨
  97  6:26  Siege Tank  
  101  6:37  Factory  补到5VF,产火车坦克围巾
  102  6:42  Hellion x2  
  102  6:46  Refinery x2, Viking x2  
  113  6:57  Factory  
  113  7:01  Barracks Reactor  
  114  7:08  Hellion x2  
  121  7:15  Siege Tank  
  121  7:19  Viking x2  
  131  7:32  Hellion x2  
  137  7:42  Factory Tech Lab  
  137  7:43  Armory  5VF好了之后拍2VA1BE,点蓝火
  139  7:44  Infernal Pre-Igniter  
  139  7:49  Viking x2  
  139  7:50  Hellion x2  
  146  7:53  Siege Tank  
  156  8:17  Siege Tank x2  
  165  8:25  Command Center  
  175  8:39  Armory  
  177  8:44  Engineering Bay  
  177  8:47  Siege Tank  
  197  9:20  Sensor Tower  
Spawning Tool Build Advisor. Get it on Overwolf

Go to:

Details

  • Created by: fukunee
  • Published on: May 14, 2022
  • Modified on: May 14, 2022
  • Patch: 4.11.0
  • Difficulty: Easy
Show
View Real Time Build Order
Export as new Build Order

Comments (0)

There are no comments. Be the first!

Create an account to comment!